 Dungeon Crawl Stone Soup version 0.20-a0-4-gd166d5d (console) character file.

14283 utis the Fighter (level 12, 98/108 HPs)
             Began as a Naga Warper on Oct 31, 2016.
             Was an Elder of Hepliaklqana.
             Quit the game on level 3 of the Lair of Beasts.
             The game lasted 01:16:32 (16359 turns).

utis the Fighter (Naga Warper)                     Turns: 16359, Time: 01:16:33

Health: 98/108     AC: 11    Str: 14    XL:     12   Next: 14%
Magic:  20/20      EV: 11    Int: 14    God:    Hepliaklqana [****..]
Gold:   216        SH:  0    Dex: 15    Spells: 6 memorised, 4 levels left

rFire  + . .     SeeInvis +     h - +2 glaive (protect)
rCold  + . .     Gourm    .     r - +2 ring mail {MR+}
rNeg   . . .     Faith    .     (shield currently unavailable)
rPois  +         Spirit   +     (no helmet)
rElec  .         Reflect  .     s - +0 cloak
rCorr  .         Harm     .     N - +0 pair of gloves (curse)
MR     ++...                    (no barding)
Stlth  ++++......               G - amulet of guardian spirit
                                C - ring of protection from cold
                                F - ring of protection from fire

@: very slow
A: reduced essence, see invisible, deformed body, poison resistance, slowness 2,
slow metabolism 1, spit poison 1, AC +4
a: Spit Poison, Recall Ancestor, Ancestor Identity, Transference, Idealise,
Renounce Religion


You were on level 3 of the Lair of Beasts.
You worshipped Hepliaklqana.
Hepliaklqana was greatly pleased with you.
You were not hungry.

You visited 3 branches of the dungeon, and saw 13 of its levels.

You collected 393 gold pieces.
You spent 177 gold pieces at shops.

Inventory:

Hand Weapons
 a - a +4 trident
 b - the +7 hunting sling "Temachul" {speed, rElec SInv}
   (You took it off an orc on level 5 of the Dungeon)

   Attacks with this weapon are significantly faster.
   It insulates you from electricity.
   It lets you see invisible.
 h - a +2 glaive of protection (weapon)
 Z - a +0 blowgun {@w1}
Missiles
 e - 5 tomahawks of dispersal {=f}
 v - 14 poisoned needles
 I - a tomahawk (quivered)
 R - 62 sling bullets
Armour
 o - the +4 chain mail of Vecoisog {rElec Dex+6}
   (You found it on level 5 of the Dungeon)

   It affects your dexterity (+6).
   It insulates you from electricity.
 r - a +2 ring mail of magic resistance (worn)
 s - a +0 cloak (worn)
 N - a cursed +0 pair of gloves (worn)
 T - a +1 scale mail of fire resistance
Jewellery
 c - an uncursed ring of ice
 f - an uncursed ring of fire
 C - a ring of protection from cold (right hand)
 F - a ring of protection from fire (left hand)
 G - an amulet of guardian spirit (around neck)
Wands
 B - a wand of lightning (3/15)
 E - a wand of disintegration (5/24)
 P - a wand of paralysis (17/24)
 Q - a wand of acid (6/15)
 S - a wand of digging (11/24)
 U - a wand of polymorph (15/24)
 V - a wand of teleportation (9/9) {@v4}
Scrolls
 d - 3 scrolls of blinking
 l - a scroll of enchant armour {unknown}
 m - 2 scrolls of enchant weapon
 n - a scroll of noise
 q - 2 scrolls of remove curse {@r2}
 t - 2 scrolls of magic mapping
 H - a scroll of recharging
 K - a scroll of summoning {unknown}
 L - a scroll of fear
 M - a scroll of identify {@r1}
 X - a scroll of fog {unknown}
 Y - a scroll of teleportation {unknown}
Potions
 g - a potion of berserk rage {!q}
 j - 5 potions of curing {@q1}
 k - a potion of flight {unknown}
 p - a potion of haste {@q3}
 x - a potion of invisibility
 A - 2 potions of cancellation
 J - a potion of might
 O - 2 potions of heal wounds {@q2}
Comestibles
 i - a beef jerky {@e2}
 u - 9 royal jellies {@e3}
 w - 6 meat rations {@e1}
 y - 4 chunks of flesh
 z - a slice of pizza {@e2}
 D - 3 bread rations {@e1}
 W - 4 fruits {@e2}


   Skills:
 + Level 11.1 Fighting
 + Level 9.4 Polearms
 - Level 0.8 Throwing
 - Level 2.7 Armour
 - Level 5.2 Dodging
 - Level 9.4 Stealth
 - Level 5.3 Spellcasting
 - Level 1.0 Charms
 - Level 8.2 Translocations


You had 4 spell levels left.
You knew the following spells:

 Your Spells              Type           Power        Failure   Level  Hunger
d - Passage of Golubria   Tloc           N/A          12%         4    ####...
g - Shroud of Golubria    Chrm/Tloc      ###.......   10%         2    ##.....
o - Teleport Other        Tloc           ####....     3%          3    ###....
t - Portal Projectile     Tloc           ####..       3%          3    ###....
v - Blink                 Tloc           N/A          1%          2    ##.....
Y - Lesser Beckoning      Tloc           ####......   3%          3    ###....


Dungeon Overview and Level Annotations

Branches:
Dungeon (9/15)             Temple (1/1) D:5            Lair (3/6) D:9
  Snake (0/4) Lair:3
  Swamp: Lair:2-4    Shoals: Lair:2-4       Orc: D:9-12

Altars:
Cheibriados
Dithmenos
Elyvilon
Fedhas
Gozag
Hepliaklqana
Kikubaaqudgha
Makhleb
Nemelex Xobeh
Okawaru
Sif Muna
Trog
Yredelemnul
Zin

Shops:
D:7 (   D:8 }(


Innate Abilities, Weirdness & Mutations

You cannot wear boots.
Your serpentine skin is tough. (AC +4)
You have supernaturally acute eyesight. (SInv)
Armour fits poorly on your strangely shaped body.
Your system is resistant to poisons. (rPois)
You cover ground very slowly.
You have a slow metabolism.
You can spit poison.
Your life essence is reduced. (-10% HP)


Message History

You slice the bullfrog!!
Your weapon exudes an aura of protection.
The bullfrog is almost dead.
The bullfrog hits you but does no damage.
Cenhelm points at the bullfrog and mumbles some strange words.
The bullfrog resists with some effort.
The bullfrog hits Cenhelm but does no damage.
You hit the bullfrog.
You kill the bullfrog!
No target in view!
Unknown command.
Things that are here:
a crocodile corpse; a soldier ant corpse You swap places.
Magic restored.
Some of the chunks of flesh in your inventory have rotted away.
You see here an adder skeleton.
There is a stone staircase leading up, spattered with blood here.
You see here a book of Spatial Translocations.
Are you sure you want to abandon this character and quit the game? (Confirm with "yes".)

░.░⚶............░░
░░..............░
░░.......░⚵...░÷░
░.............░.░░░
░░░⚵........░..÷..░
░░>.......░░.....
░..........░░⚶...
░░.......░.░░░.░░
░░...░...░░░ ░░░░
░░.........░ ░
░N........░░ ░░░
░░.........░ ░░⚶.
░.......░░░░ ░...
░.░░....░ ░...
░░░░░..░░ ░... ...░
░░░░░.. ░..░
░.░░░.. ..░ ░░.....
.⚵ ░⚶...░⚶ ░░.....
░░.░⚵.


There were no monsters in sight!

Vanquished Creatures
  Joseph (D:9)
  3 black mambas
  2 spiny frogs (Lair:1)
  2 komodo dragons
  A queen bee (D:8)
  Prince Ribbit (D:7)
  4 hippogriffs
  A wyvern (Lair:2)
  3 yaks (Lair:2)
  2 basilisks
  A human (D:8)
  A steam dragon (D:8)
  A soldier ant (Lair:3)
  5 ice beasts
  An orc warrior (D:7)
  5 porcupines
  7 water moccasins
  A necrophage (D:5)
  A sky beast (D:7)
  3 ogres
  2 wolves (Lair:3)
  4 centaurs
  5 crocodiles
  7 big kobolds (D:8)
  8 bullfrogs
  2 wyvern zombies
  A wyvern skeleton (D:6)
  A scorpion (D:9)
  13 killer bees
  3 howler monkeys
  5 crimson imps
  A bullfrog zombie (D:7)
  4 hounds
  5 orc priests
  A jelly (D:5)
  Natasha (thrice) (D:2)
  Terence (D:3)
  2 iguanas
  4 orc wizards
  3 worker ants
  2 hound zombies
  A hound skeleton (D:5)
  A worker ant zombie (D:7)
  4 gnolls (D:5)
  12 adders
  2 shadow imps
  An adder zombie (D:8)
  3 worms
  A dart slug (D:3)
  4 leopard geckos
  28 orcs
  A ball python (Lair:3)
  6 bats
  4 giant cockroaches
  5 goblins (D:1)
  4 hobgoblins (D:3)
  2 quokkas
  2 frilled lizards (D:1)
  16 kobolds
  A leopard gecko skeleton (D:9)
  A quokka skeleton (D:5)
  4 rats
226 creatures vanquished.

Vanquished Creatures (collateral kills)
  A black mamba (Lair:1)
  A komodo dragon (Lair:2)
  A spiny frog (Lair:2)
  A kobold demonologist (D:8)
  A troll (D:8)
  A wyvern (D:8)
  A basilisk (Lair:2)
  A yak (Lair:2)
  A human (D:8)
  Edmund (D:6)
  A porcupine (Lair:3)
  3 water moccasins (Lair:3)
  A sky beast (D:9)
  A black bear (Lair:2)
  2 ogres
  2 wolves (Lair:3)
  A centaur (D:7)
  2 big kobolds (D:8)
  A scorpion (D:7)
  4 killer bees (D:8)
  A jelly (D:7)
  An orc wizard (D:5)
  An iguana (D:6)
  A worker ant (D:6)
  A hound zombie (D:8)
  A hound skeleton (D:4)
  3 adders
  A dart slug (D:2)
  A leopard gecko (D:7)
  An orc (D:3)
  9 kobolds
  2 quokkas
  2 frilled lizards
  A quokka zombie (D:6)
  A plant (Lair:3)
55 creatures vanquished.

Vanquished Creatures (others)
  8 hexers
  3 ancestors
  A bat (D:3)
  22 fungi
  4 plants (Lair:3)
38 creatures vanquished.

Grand Total: 319 creatures vanquished

Notes
Turn   | Place    | Note
-------+----------+-------------------------------------------
     0 | D:1      | utis the Naga Warper began the quest for the Orb.
     0 | D:1      | Reached XP level 1. HP: 19/19 MP: 3/3
   411 | D:1      | Reached skill level 1 in Stealth
   411 | D:1      | Reached XP level 2. HP: 26/26 MP: 5/5
   415 | D:1      | Learned a level 2 spell: Shroud of Golubria
   418 | D:1      | Learned a level 2 spell: Blink
   797 | D:2      | Noticed Natasha
   905 | D:2      | Found a snail-covered altar of Cheibriados.
   939 | D:2      | Reached XP level 3. HP: 24/32 MP: 3/6
   963 | D:2      | Found a hazy altar of Hepliaklqana.
   996 | D:2      | Became a worshipper of Hepliaklqana the Forgotten
  1138 | D:2      | Killed Natasha
  1138 | D:2      | Reached XP level 4. HP: 20/35 MP: 7/7
  1259 | D:2      | Learned a level 3 spell: Teleport Other
  1464 | D:2      | Noticed Natasha
  1471 | D:2      | Killed Natasha
  1471 | D:2      | Reached skill level 1 in Charms
  1489 | D:2      | Noticed Natasha
  1494 | D:2      | Killed Natasha
  1494 | D:2      | Reached XP level 5. HP: 39/40 MP: 8/8
  1813 | D:3      | Found a burning altar of Makhleb.
  1846 | D:3      | Reached * piety under Hepliaklqana
  1963 | D:3      | Found a blossoming altar of Fedhas.
  1964 | D:3      | Noticed Terence
  1978 | D:3      | Killed Terence
  2616 | D:3      | Learned a level 3 spell: Lesser Beckoning
  2887 | D:4      | Reached XP level 6. HP: 48/48 MP: 8/10
  3055 | D:4      | Reached skill level 3 in Fighting
  3275 | D:4      | hmmmm
  3543 | D:4      | Found an opulent altar of Gozag.
  3544 | D:4      | Found a glowing silver altar of Zin.
  3713 | D:4      | Reached skill level 4 in Fighting
  3713 | D:4      | Reached XP level 7. HP: 52/57 MP: 11/11
  3714 | D:4      | Reached skill level 5 in Stealth
  3839 | D:4      | Found a deep blue altar of Sif Muna.
  4266 | D:4      | Found a white marble altar of Elyvilon.
  4338 | D:4      | Found a basalt altar of Yredelemnul.
  4393 | D:5      | Entered Level 5 of the Dungeon
  4470 | D:5      | Reached ** piety under Hepliaklqana
  4471 | D:5      | Remembered your ancestor Cenhelm as a hexer
  4494 | D:5      | Got a bloodstained chain mail
  4516 | D:5      | Identified the +4 chain mail of Vecoisog {rElec Dex+6} (You found it on level 5 of the Dungeon)
  4609 | D:5      | Got an ichor-stained hunting sling
  4612 | D:5      | Identified the +7 hunting sling "Temachul" {speed, rElec SInv} (You took it off an orc on level 5 of the Dungeon)
  4670 | D:5      | Reached skill level 5 in Fighting
  4764 | D:5      | Reached XP level 8. HP: 41/68 MP: 8/12
  5046 | D:5      | Reached skill level 6 in Fighting
  5178 | D:5      | Found a staircase to the Ecumenical Temple.
  5272 | Temple   | Entered the Ecumenical Temple
  5969 | D:6      | Reached skill level 7 in Fighting
  6016 | D:6      | Reached skill level 1 in Armour
  6511 | D:6      | Noticed Edmund
  6517 | D:6      | Killed Edmund
  6517 | D:6      | Reached XP level 9. HP: 74/77 MP: 9/13
  6587 | D:6      | Learned a level 4 spell: Passage of Golubria
  6729 | D:7      | Noticed Prince Ribbit
  6730 | D:7      | Found a sparkling altar of Nemelex Xobeh.
  6909 | D:7      | Killed Prince Ribbit
  7033 | D:7      | Found Cerif's Antique Weapon Boutique.
  7191 | D:7      | Reached skill level 8 in Fighting
  7191 | D:7      | Reached skill level 5 in Polearms
  7451 | D:7      | Reached *** piety under Hepliaklqana
  8235 | D:7      | Reached skill level 9 in Fighting
  8331 | D:8      | Reached XP level 10. HP: 89/89 MP: 14/14
  8402 | D:8      | Found Cemej's Weapon Emporium.
  8857 | D:8      | Bought a +1 glaive of protection for 177 gold pieces
  8940 | D:8      | Found an iron altar of Okawaru.
  9451 | D:8      | Found a shadowy altar of Dithmenos.
  9575 | D:8      | Found an ancient bone altar of Kikubaaqudgha.
  9722 | D:8      | Found Hoqawnypn's Gadget Shoppe.
  9752 | D:8      | Reached skill level 5 in Translocations
  9843 | D:8      | Noticed a kobold demonologist
  9853 | D:8      | Killed a kobold demonologist
 10127 | D:8      | Found a bloodstained altar of Trog.
 10402 | D:9      | Noticed Joseph
 10419 | D:9      | Killed Joseph
 10419 | D:9      | Reached XP level 11. HP: 91/97 MP: 14/17
 10689 | D:9      | Found a staircase to the Lair.
 10743 | Lair:1   | Entered Level 1 of the Lair of Beasts
 11119 | Lair:1   | Reached **** piety under Hepliaklqana
 11246 | Lair:1   | Reached skill level 5 in Spellcasting
 13166 | Lair:2   | Reached skill level 5 in Dodging
 13497 | Lair:2   | Reached skill level 10 in Fighting
 14848 | Lair:2   | facepalm
 15897 | Lair:3   | Reached XP level 12. HP: 68/106 MP: 9/20
 16137 | Lair:3   | Learned a level 3 spell: Portal Projectile
 16202 | Lair:3   | Found a staircase to the Snake Pit.
 16273 | Lair:3   | Reached skill level 11 in Fighting
 16295 | Lair:3   | ...
 16359 | Lair:3   | Quit the game

Vault maps used:
D:1:      nagdon_arrival_double_spiral
D:2:      nicolae_overflow_crystal_walls, lemuel_doored_altar, uniq_natasha
D:3:      lemuel_round_altar, bloody_makhleb, first_bread,
          kennysheep_generic_room_15, uniq_terence
D:4:      grunt_temple_overflow_gold_and_silver, kennysheep_ying_yang,
          led_sif_pool
D:5:      minivault_1
D:6:      kennysheep_generic_room_14, uniq_edmund
D:7:      nemelex_xobeh_ov_fountains_minmay, serial_shops,
          nicolae_shop_overgrown_old_shop, uniq_prince_ribbit1
D:8:      kennysheep_steamy, old_standard_altar, okawaru_humans,
          kennysheep_mini_moat, lemuel_coloured_pillars_altar, special_room,
          serial_shops, nicolae_shop_behind_doors, shop, david_nohive_1
D:9:      overflow_temple_1_default, lair_0_dummy, serial_park_tiny_pond,
          uniq_joseph
Temple:   corrupted_temple
Lair:3:   minmay_snake_entry_six_corridors, minivault_29

Skill      XL: |  1  2  3  4  5  6  7  8  9 10 11 12 |
---------------+-------------------------------------+-----
Stealth        | 1 2 3 4 6 8 9 |  9.4
Polearms       | 3 6 7 8 9 |  9.4
Charms         | 1 |  1.0
Translocations | 4 6 8 |  8.2
Spellcasting   | 3 4 5 |  5.3
Fighting       | 4 5 7 9 10 11 | 11.1
Armour         | 2 |  2.7
Dodging        | 3 5 |  5.2
Throwing       | |  0.8

Action                   |  1- 3 |  4- 6 |  7- 9 | 10-12 || total
-------------------------+-------+-------+-------+-------++-------
Melee: Spear             |     9 |       |       |       ||     9
       Dagger            |    32 |   122 |   175 |    73 ||   402
       Trident           |       |       |    93 |   315 ||   408
       Glaive            |       |       |       |   178 ||   178
 Fire: Hunting sling     |       |       |     5 |    18 ||    23
Throw: Stone             |    14 |    20 |    36 |    50 ||   120
       Tomahawk          |       |       |       |     8 ||     8
 Cast: Shroud of Golubri |     3 |     6 |    25 |    51 ||    85
       Teleport Other    |       |       |    10 |     3 ||    13
Invok: Ancestor Life: He |       |       |     1 |       ||     1
       Recall Ancestor   |       |       |       |     4 ||     4
 Abil: Spit Poison       |    15 |    12 |    19 |    42 ||    88
Evoke: Wand              |       |       |       |     3 ||     3
  Use: Scroll            |       |       |    11 |     9 ||    20
       Potion            |       |       |       |     3 ||     3
 Stab: Distracted        |       |     1 |     2 |    10 ||    13
       Sleeping          |       |     1 |     7 |     1 ||     9
       Confused          |       |       |     2 |     3 ||     5
  Eat: Chunk             |     1 |     8 |    19 |    25 ||    53
Armor: Leather armour    |    17 |       |       |       ||    17
       Ring mail         |       |    56 |   110 |   239 ||   405
       Skin              |       |       |       |     6 ||     6
Dodge: Dodged            |    17 |    42 |   122 |   274 ||   455
